 Dungeon Crawl Stone Soup version 0.18-a0-987-g0b0e4e7 (webtiles) character file.

1737 gorblad the Fighter (level 9, -2/83 HPs)
             Began as a Hill Orc Berserker on Jan 3, 2016.
             Was a Priest of Trog.
             Slain by an orc warrior
             ... wielding a +0 trident
              (9 damage)
             ... on level 7 of the Dungeon.
             The game lasted 00:15:28 (5643 turns).

gorblad the Fighter (Hill Orc Berserker)            Turns: 5643, Time: 00:15:28

Health: -2/83      AC: 16    Str: 23    XL:     9   Next: 5%
Magic:  9/9        EV:  9    Int:  7    God:    Trog [***...]
Gold:   541        SH:  0    Dex: 10    Spells: 0 memorised, 8 levels left

rFire  . . .     SeeInvis .     k - +0 great sword
rCold  . . .     Gourm    .     s - +0 chain mail {MR+}
rNeg   . . .     Faith    .     (shield currently unavailable)
rPois  .         Spirit   .     w - +2 helmet
rElec  .         Dismiss  .     y - +0 cloak
rCorr  .         Reflect  .     (no gloves)
SustAt .         Harm     .     g - +2 pair of boots
MR     +....                    (no amulet)
Stlth  ..........               (no ring)
                                (no ring)

@: exhausted, slowed, very slow, somewhat resistant to hostile enchantments,
extremely unstealthy
A: no striking features
a: Berserk, Trog's Hand, Burn Spellbooks, Renounce Religion, Convert to Beogh


You were on level 7 of the Dungeon.
You worshipped Trog.
Trog was most pleased with you.
You were very hungry.

You visited 1 branch of the dungeon, and saw 7 of its levels.

You collected 541 gold pieces.

Inventory:

Hand Weapons
 a - a +1 hand axe
 k - a +0 great sword (weapon)
 o - a +0 vampiric falchion
Missiles
 q - 2 tomahawks (quivered)
Armour
 g - a +2 pair of boots (worn)
 s - a +0 chain mail of magic resistance (worn)
 v - a +0 leather armour
 w - a +2 helmet (worn)
 y - a +0 cloak (worn)
Jewellery
 n - a cursed ring of loudness {unknown}
 u - the amulet "Liacs" {Dismiss rF+ SInv, unknown}
   (You found it on level 6 of the Dungeon)

   [amulet of dismissal]

   It may teleport away creatures that harm you.
   It protects you from fire.
   It lets you see invisible.
Wands
 p - a wand of digging (11/24)
 r - a wand of invisibility (5/9)
Scrolls
 b - a scroll of fear
 j - 2 scrolls of remove curse
 A - a scroll of amnesia {unknown}
 B - a scroll of identify
Potions
 d - 2 potions of brilliance
 e - 3 potions of magic
 h - a potion of might
 i - a potion of heal wounds {unknown}
 l - 4 potions of curing
 x - 2 potions of agility
Comestibles
 c - 4 bread rations
 f - a royal jelly
 m - 2 beef jerkies
 t - 2 meat rations
 z - 4 chunks of flesh


   Skills:
 + Level 9.0 Fighting
 * Level 6.7 Long Blades
 - Level 7.9 Axes
 - Level 2.1 Armour
 - Level 3.3 Dodging


You had 8 spell levels left.
You didn't know any spells.

Dungeon Overview and Level Annotations

Branches:
Dungeon (7/15)             Temple (0/1) D:7

Altars:
Gozag
Yredelemnul
The Shining One


Message History

* * * LOW HITPOINT WARNING * * *
An orc comes into view.
You are too injured to fight recklessly!
Unknown command.
You are too injured to fight recklessly!
Unknown command.
The orc priest casts a cantrip, but nothing happens.
The hound bites you but does no damage.
The orc priest invokes the aid of Beogh against you.
Something smites you!
* * * LOW HITPOINT WARNING * * *
The orc shouts!
The hound bites you.
* * * LOW HITPOINT WARNING * * *
The hound bites you.
* * * LOW HITPOINT WARNING * * *
The orc warrior hits you but does no damage.
The hound bites you but does no damage. The ogre misses you.
The orc warrior hits you from afar with a trident!
You die...

##.######..# ............
##.#####...# #.#.# #....
#######. .
################.....#.
...#.....##.........###'#.
.......†O@'...............
..#...(h##........#......
#....o##..####..#.....#
#...o.##### ##.#######
#....÷. #.# # #....o#. #.#
#.....### #.# #.....# ###
#......


You could see an orc warrior, an ogre, a hound, an orc priest and an orc.

Vanquished Creatures
  The ghost of cireshan the Conjurer, a novice DECj (D:5)
  Edmund (D:5)
  A black bear (D:4)
  An orc warrior (D:7)
  A phantom (D:6)
  2 ogres
  A centaur (D:7)
  2 giant frogs
  A scorpion (D:4)
  2 crimson imps (D:7)
  A quasit (D:7)
  An orc priest (D:6)
  2 hounds (D:7)
  A jelly (D:6)
  An orc wizard (D:6)
  2 centaur skeletons
  A giant frog skeleton (D:5)
  2 iguanas
  A worker ant (D:6)
  A hound zombie (D:7)
  A hound skeleton (D:4)
  A worker ant zombie (D:5)
  7 adders
  A shadow imp (D:5)
  An adder zombie (D:7)
  3 adder skeletons
  3 worms
  2 giant geckos
  15 orcs
  4 ball pythons
  A giant cockroach (D:2)
  2 gnoll zombies (D:6)
  8 goblins
  6 hobgoblins
  3 quokkas
  2 bats (D:2)
  A giant gecko skeleton (D:5)
  6 giant newts
  5 kobolds
  2 quokka skeletons
  13 rats
113 creatures vanquished.

Notes
Turn   | Place    | Note
--------------------------------------------------------------
     0 | D:1      | gorblad the Hill Orc Berserker began the quest for the Orb.
     0 | D:1      | Reached XP level 1. HP: 19/19 MP: 1/1
   419 | D:1      | Reached XP level 2. HP: 24/26 MP: 2/2
   990 | D:2      | Reached XP level 3. HP: 20/31 MP: 3/3
  1379 | D:2      | Reached ** piety under Trog
  1731 | D:3      | Reached XP level 4. HP: 39/39 MP: 4/4
  2542 | D:4      | Found a glowing golden altar of the Shining One.
  2675 | D:4      | Reached XP level 5. HP: 45/47 MP: 5/5
  2818 | D:4      | Reached skill level 5 in Axes
  3100 | D:4      | Noticed a black bear
  3112 | D:4      | Killed a black bear
  3112 | D:4      | Reached skill level 5 in Fighting
  3112 | D:4      | Reached skill level 6 in Axes
  3112 | D:4      | Reached XP level 6. HP: 33/56 MP: 6/6
  3377 | D:5      | Entered Level 5 of the Dungeon
  3433 | D:5      | Reached *** piety under Trog
  3481 | D:5      | Noticed cireshan's ghost (novice DECj)
  3500 | D:5      | Killed cireshan's ghost
  3500 | D:5      | Reached skill level 7 in Fighting
  3500 | D:5      | Reached XP level 7. HP: 24/66 MP: 7/7
  3676 | D:5      | Reached skill level 1 in Long Blades
  3804 | D:5      | Noticed Edmund
  3819 | D:5      | Killed Edmund
  3819 | D:5      | Reached XP level 8. HP: 26/73 MP: 8/8
  4403 | D:6      | Got a warped diamond amulet
  4518 | D:6      | Reached skill level 8 in Fighting
  4838 | D:6      | Found a basalt altar of Yredelemnul.
  4934 | D:7      | Reached skill level 5 in Long Blades
  4950 | D:7      | Found an opulent altar of Gozag.
  5009 | D:7      | Found a staircase to the Ecumenical Temple.
  5621 | D:7      | Reached XP level 9. HP: 54/82 MP: 9/9
  5634 | D:7      | Reached skill level 9 in Fighting
  5643 | D:7      | Slain by an orc warrior

Vault maps used:
D:1:      lightli_arrival_statuegarden, minmay_misc_feat_room
D:2:      minmay_misc_feat_pillars
D:3:      first_bread
D:4:      kennysheep_mini_moat
D:5:      uniq_edmund
D:6:      lemuel_zombie_altar_yredelemnul
D:7:      kennysheep_little_box, minmay_temple_entry_overgrown, grunt_ogre_cave,
          bh_walls_and_bars

Action                   |  1- 3 |  4- 6 |  7- 9 || total
-------------------------+-------+-------+-------++-------
Melee: Hand axe          |   149 |   169 |     6 ||   324
       Great sword       |       |       |   196 ||   196
Invok: Berserk           |       |     1 |     1 ||     2
       Trog's Hand       |       |     1 |       ||     1
  Use: Scroll            |     2 |    16 |     2 ||    20
       Potion            |       |     2 |     4 ||     6
 Stab: Sleeping          |     2 |       |       ||     2
  Eat: Chunk             |     3 |     5 |     5 ||    13
       Bread ration      |       |       |     1 ||     1
